 Dungeon Crawl Stone Soup version 0.25-b1-46-gb8a1ec0 (webtiles) character file.

Game seed: 13615788071530159154

607469 rednit the Conqueror (level 26, -4/265 (266) HPs)
             Began as a Minotaur Fighter on June 11, 2020.
             Was the Champion of Yredelemnul.
             Killed from afar by a purple draconian (15 damage)
             ... with a bolt of dispelling energy
             ... while petrified by an ancient lich
             ... on level 5 of the Realm of Zot.
             The game lasted 04:46:31 (64697 turns).

rednit the Conqueror (Minotaur Fighter)            Turns: 64697, Time: 04:46:31

HP:   -4/265 (266)  AC: 33    Str: 32    XL:     26   Next: 66%
MP:   31/37         EV:  2    Int: 10    God:    Yredelemnul [******]
Gold: 6242          SH:  0    Dex: 11    Spells: 25/25 levels left

rFire    + . .     SeeInvis +   w - +11 war axe of Fiawas {venom, MR+}
rCold    . . .     Gourm    .   (no shield)
rNeg     + + +     Faith    .   K - +12 plate armour of Lomaonaxt {rElec Int+2 SInv}
rPois    ∞         Spirit   .   (helmet restricted)
rElec    +         Reflect  +   L - +2 cloak {MR+}
rCorr    .         Harm     .   T - +0 pair of gloves of Moxtiz {rPois Regen+}
MR       +....                  h - +0 pair of boots of Zin's Delight {*Corrode rElec rN+ Int+3}
Stlth    ..........             Q - amulet of reflection
HPRegen  0.94/turn              W - ring of protection from fire
MPRegen  0.25/turn              m - ring of positive energy

@: mighty, petrified, vulnerable, corroded, berserk cooldown, hasted and slowed,
studying Summonings, lightly drained
A: retaliatory headbutt, horns 2
}: 3/15 runes: barnacled, silver, gossamer
a: Recall Undead Slaves, Injury Mirror, Animate Dead, Drain Life, Enslave Soul,
Renounce Religion


You were on level 5 of the Realm of Zot.
You worshipped Yredelemnul.
Yredelemnul was exalted by your worship.
You were very full.

You visited 10 branches of the dungeon, and saw 49 of its levels.
You also visited: Ossuary and Bailey.

You collected 10782 gold pieces.
You spent 4540 gold pieces at shops.

Inventory:

Hand Weapons
 w - the +11 war axe of Fiawas (weapon) {venom, MR+}
   (You bought it in a shop on level 2 of the Orcish Mines)

   It poisons the flesh of those it strikes.
   It affects your resistance to hostile enchantments.
Missiles
 S - 9 curare-tipped darts (quivered)
Armour
 h - the +0 pair of boots of Zin's Delight (worn) {*Corrode rElec rN+ Int+3}
   (You bought it in a shop on level 2 of the Orcish Mines)

   It affects your intelligence (+3).
   It insulates you from electricity.
   It protects you from negative energy.
   It may corrode you when you take damage.
 K - the +12 plate armour of Lomaonaxt (worn) {rElec Int+2 SInv}
   (You bought it in a shop on level 9 of the Dungeon)

   It affects your intelligence (+2).
   It insulates you from electricity.
   It lets you see invisible.
 L - a +2 cloak of magic resistance (worn)
 T - the +0 pair of gloves of Moxtiz (worn) {rPois Regen+}
   (You acquired it on level 1 of the Depths)

   It protects you from poison.
   It increases your rate of regeneration.
Jewellery
 k - an uncursed ring of poison resistance
 m - a ring of positive energy (right hand)
 B - an uncursed amulet of faith {unknown}
 O - an uncursed ring of protection from cold
 Q - an amulet of reflection (around neck)
 W - a ring of protection from fire (left hand)
Wands
 c - a wand of paralysis (38)
 l - a wand of random effects (24)
 n - a wand of digging (16)
 y - a wand of flame (39)
 F - a wand of disintegration (31)
 R - a wand of iceblast (20)
 V - a wand of acid (20)
 X - a wand of clouds (9)
 Y - a wand of enslavement (19)
 Z - a wand of polymorph (48)
Scrolls
 a - 6 scrolls of fear
 e - 8 scrolls of enchant weapon
 i - 5 scrolls of enchant armour
 o - 5 scrolls of fog
 r - 9 scrolls of teleportation
 t - 21 scrolls of identify
 x - 24 scrolls of remove curse
 A - 6 scrolls of magic mapping
 D - 5 scrolls of blinking
 I - 2 scrolls of summoning
 P - 5 scrolls of silence
Potions
 b - 3 potions of resistance
 d - 4 potions of cancellation
 g - 15 potions of flight
 j - 13 potions of curing
 s - 10 potions of stabbing
 v - 8 potions of heal wounds
 z - 4 potions of haste
 C - a potion of berserk rage
 E - a potion of brilliance
 G - 12 potions of lignification
 H - 3 potions of might
 J - 7 potions of mutation
 M - 5 potions of ambrosia
Books
 U - a manual of Summonings
Miscellaneous
 q - a lightning rod (4/4)
Comestibles
 f - 53 rations


   Skills:
 O Level 27(26.7) Fighting
 O Level 27(26.7) Axes
 + Level 18.1(17.9) Armour
 - Level 6.0(5.8) Dodging
 - Level 1.0(0.8) Stealth
   Level 3.6(3.4) Shields
 - Level 23.7(23.5) Invocations
 - Level 6.0(5.8) Evocations


You had 25 spell levels left.
You didn't know any spells.
Your spell library contained the following spells:

 Spells                   Type           Power        Failure   Level  Hunger
 Animate Skeleton         Necr           N/A          85%         1    ##.....
 Apportation              Tloc           #.....       85%         1    ##.....
 Corona                   Hex            #......      85%         1    ##.....
 Foxfire                  Conj/Fire      #...         85%         1    ##.....
 Freeze                   Ice            #...         85%         1    ##.....
 Infusion                 Chrm           #...         85%         1    ##.....
 Magic Dart               Conj           #...         85%         1    ##.....
 Pain                     Necr           #...         85%         1    ##.....
 Sandblast                Erth           #.....       85%         1    ##.....
 Summon Small Mammal      Summ           #...         85%         1    ##.....
 Blink                    Tloc           N/A          94%         2    ###....
 Call Imp                 Summ           #.......     94%         2    ###....
 Ensorcelled Hibernation  Hex/Ice        #.....       94%         2    ###....
 Passwall                 Tmut/Erth      #.......     94%         2    ###....
 Poisonous Vapours        Pois/Air       #.....       94%         2    ###....
 Shroud of Golubria       Chrm/Tloc      #.....       94%         2    ###....
 Slow                     Hex            #.......     94%         2    ###....
 Song of Slaying          Chrm           #.......     94%         2    ###....
 Confusing Touch          Hex            #.......     99%         3    ####...
 Conjure Flame            Conj/Fire      #.......     99%         3    ####...
 Dazzling Flash           Conj/Hex       #.....       99%         3    ####...
 Frozen Ramparts          Ice            #.....       99%         3    ####...
 Gell's Gravitas          Tloc           #.........   99%         3    ####...
 Ignite Poison            Fire/Tmut/Pois #.......     99%         3    ####...
 Inner Flame              Hex/Fire       #.......     99%         3    ####...
 Lesser Beckoning         Tloc           #.........   99%         3    ####...
 Mephitic Cloud           Conj/Pois/Air  #.......     99%         3    ####...
 Ozocubu's Armour         Chrm/Ice       #.......     99%         3    ####...
 Portal Projectile        Hex/Tloc       #.....       99%         3    ####...
 Recall                   Summ/Tloc      N/A          99%         3    ####...
 Spectral Weapon          Hex/Chrm       #.......     99%         3    ####...
 Stone Arrow              Conj/Erth      #.....       99%         3    ####...
 Teleport Other           Tloc           #.......     99%         3    ####...
 Tukima's Dance           Hex            #.......     99%         3    ####...
 Vampiric Draining        Necr           #.........   99%         3    ####...
 Animate Dead             Necr           N/A          100%        4    #####..
 Cause Fear               Hex            #.........   100%        4    #####..
 Hailstorm                Conj/Ice       #.......     100%        4    #####..
 Leda's Liquefaction      Hex/Erth       #.........   100%        4    #####..
 Passage of Golubria      Tloc           N/A          100%        4    #####..
 Petrify                  Tmut/Erth      #.......     100%        4    #####..
 Sticky Flame             Conj/Fire      #.......     100%        4    #####..
 Summon Ice Beast         Ice/Summ       #.......     100%        4    #####..
 Agony                    Necr           #.......     100%        5    ######.
 Aura of Abjuration       Summ           #.........   100%        5    ######.
 Borgnjor's Vile Clutch   Necr/Erth      #.........   100%        5    ######.
 Fireball                 Conj/Fire      #.........   100%        5    ######.
 Irradiate                Conj/Tmut      #.........   100%        5    ######.
 Lee's Rapid Deconstruct  Erth           #.........   100%        5    ######.
 Metabolic Englaciation   Hex/Ice        #.........   100%        5    ######.
 Silence                  Hex/Air        #.........   100%        5    ######.
 Summon Demon             Summ           #.........   100%        5    ######.
 Summon Forest            Summ/Tloc      #.........   100%        5    ######.
 Summon Mana Viper        Hex/Summ       #.......     100%        5    ######.
 Yara's Violent Unravell  Hex/Tmut       #.........   100%        5    ######.
 Darkness                 Hex            #.........   100%        6    #######
 Dispersal                Tloc           #.........   100%        6    #######
 Freezing Cloud           Conj/Ice/Air   #.........   100%        6    #######
 Hydra Form               Tmut           #.........   100%        6    #######
 Shadow Creatures         Summ           N/A          100%        6    #######
 Starburst                Conj/Fire      #.........   100%        6    #######
 Statue Form              Tmut/Erth      #........    100%        6    #######
 Dragon Form              Tmut           #.........   100%        7    #######
 Malign Gateway           Summ/Tloc      #.........   100%        7    #######
 Monstrous Menagerie      Summ           #.........   100%        7    #######
 Ring of Flames           Chrm/Fire      #.........   100%        7    #######
 Summon Greater Demon     Summ           #.........   100%        7    #######
 Controlled Blink         Tloc           N/A          100%        8    #######
 Disjunction              Tloc           #.........   100%        8    #######
 Ignition                 Fire           #.........   100%        8    #######
 Summon Horrible Things   Summ           #.........   100%        8    #######


Dungeon Overview and Level Annotations

Branches:
Dungeon (15/15)            Temple (1/1) D:5            Lair (6/6) D:8
 Shoals (4/4) Lair:4       Spider (4/4) Lair:4        Slime (0/5) Lair:5
    Orc (2/2) D:9             Elf (2/3) Orc:2        Vaults (5/5) D:14
  Crypt (0/3) Vaults:2     Depths (5/5) D:15            Zot (5/5) Depths:5
Ossuary (visited)          Bailey (visited)

Altars:
Ashenzari
Cheibriados
Dithmenos
Elyvilon
Fedhas
Gozag
Hepliaklqana
Kikubaaqudgha
Makhleb
Nemelex Xobeh
Okawaru
Qazlal
Ru
Sif Muna
Trog
Uskayaw
Vehumet
Wu Jian
Xom
Yredelemnul
Zin
The Shining One
Beogh

Shops:
D:4 *   D:7 [   D:9 [   Orc:2 %*[(   Vaults:1 =   Vaults:3 *   Vaults:4 *
Zot:3 **

Portals:
Hell: Depths:1 Depths:2 Depths:3 Depths:4 Depths:5
Abyss: Depths:4
Pandemonium: Depths:3 Depths:4
Ziggurat: Depths:4
Trove: Depths:5 (give +4 demon whip)

Annotations:
Elf:2 1 runed translucent door
Zot:1 2 transporters, Heoriaro's ghost, legendary GnFi
Zot:3 3 runed translucent doors, exclusion: obsidian statue, Mikey69's ghost, legendary DsBe


Innate Abilities, Weirdness & Mutations

You reflexively headbutt those who attack you in melee.
You have a pair of horns on your head.


Message History

* * * LOW HITPOINT WARNING * * *
The Orb Guardian hits you!
* * * LOW HITPOINT WARNING * * *
The ancient lich casts a spell at you. The bolt of acid hits you.
* * * LOW HITPOINT WARNING * * *
The acid corrodes you!
You are splashed with acid!
* * * LOW HITPOINT WARNING * * *
The Orb Guardian hits you.
* * * LOW HITPOINT WARNING * * *
The ancient lich touches you but does no damage.
The Orb Guardian hits you but does no damage.
The ancient lich touches you. The Orb Guardian hits you.
* * * LOW HITPOINT WARNING * * *
The ancient lich touches you but does no damage.
The purple draconian breathes dispelling energy at you.
The bolt of dispelling energy hits you!!
Your magical effects are unravelling.
You die...
Your body rises from the dead as a mindless zombie.

.,,,,,* ##.............#* *,,,,,,
,,,^,,* #.............# *,,,,^,
,,,,,,* ##...........#* *,,,,,^
,,,,,,* #...........# *,,,,,,
,,,,,,* ##..(.^......## *,,,,,,
,,,,,** #...d.........# **,,,,,
,,,,** ##.....d.......#* **,,,,
,,,** #......)LX......# **,,,
##** ########@######## **** .#
#..#.#))).# # .# ##..#...#'### ##
.### #.<....##...## #.
...#######...(##.....## ####.
...#...#.....##.......## ##..#.
..<.Z...##+###.........# #.....
..#######...##.........######....
#.).f.##...^.##.Z^.....'.##......


You could see an ancient lich (fast), a black draconian (catching breath), a
purple draconian (catching breath) and an Orb Guardian.

Vanquished Creatures
  An ancient lich (Zot:5)
  2 curse toes
  7 golden dragons
  4 Orb Guardians (Zot:5)
  3 titans (Vaults:5)
  5 tentacled monstrosities
  2 deep elf blademasters (Depths:2)
  A quicksilver dragon (Zot:3)
  2 death cobs
  2 shadow dragons
  3 sphinxes
  4 tengu reavers
  10 storm dragons
  5 draconian monks
  A fire giant (Vaults:5)
  4 frost giants
  Donald (Vaults:2)
  An iron dragon (Vaults:5)
  5 ghost moths
  A deep elf sorcerer (Elf:1)
  11 vault wardens
  An orc warlord (Vaults:2)
  3 draconian knights
  2 emperor scorpions
  6 draconian scorchers
  8 draconian stormcallers
  4 draconian shifters
  2 deep elf elementalists
  2 war gargoyles
  6 very ugly things
  8 ironheart preservers
  3 draconian annihilators
  4 entropy weavers
  11 stone giants
  A lorocyproca (Depths:3)
  3 deep elf demonologists
  14 green draconians
  3 vampire knights
  10 black draconians
  9 white draconians
  8 red draconians
  4 deep elf annihilators
  6 purple draconians
  6 yellow draconians
  Snorg (Lair:4)
  3 spark wasps
  3 merfolk impalers
  2 merfolk javelineers
  3 fire dragons
  2 jiangshi (Depths:1)
  2 deep elf high priests
  16 ettins
  Fannar (D:10)
  10 yaktaur captains
  Erolcha (D:10)
  9 ogre magi
  17 vault guards
  A rakshasa (Depths:2)
  4 ice dragons
  2 great orbs of eyes (Vaults:4)
  5 hydras
  A merfolk avatar (Shoals:4)
  A spriggan air mage (Depths:4)
  Erica (D:10)
  10 centaur warriors
  20 dancing weapons
  2 deep troll shamans
  2 death yaks (Shoals:3)
  3 catoblepae
  3 tengu warriors
  44 two-headed ogres
  5 deep troll earth magi
  A vampire mage (Depths:1)
  A shock serpent (Depths:3)
  2 spriggan berserkers
  A sun demon (Depths:5)
  3 spriggans (Depths:5)
  16 deep elf knights
  Nergalle (Lair:3)
  3 hell knights
  Sonja (Orc:1)
  A sixfirhy (Depths:4)
  8 skeletal warriors
  5 shadow wraiths
  10 sea snakes
  12 deep trolls
  6 unseen horrors
  A wizard (Vaults:3)
  6 flayed ghosts
  12 deep elf archers
  5 ironbrand convokers
  An orb spider (shapeshifter) (Depths:1)
  26 deep elf magi
  7 orc knights
  3 orb spiders
  2 tengu skeletons
  8 harpies
  2 sphinx skeletons
  18 wolf spiders
  An orc sorcerer (Vaults:1)
  A cyclops (shapeshifter) (Depths:3)
  5 manticores
  A frost giant zombie (Vaults:3)
  22 ugly things
  5 cyclopes
  16 moths of wrath
  11 fauns
  3 water nymphs
  3 merfolk sirens
  2 black mambas
  2 stone giant skeletons
  A water nymph (shapeshifter) (Vaults:5)
  6 elephants
  3 vault sentinels
  Joseph (D:7)
  A rust devil (Depths:4)
  Psyche (D:8)
  23 spiny frogs
  A rime drake (shapeshifter) (Vaults:1)
  3 orc skeletons (Vaults:2)
  A rime drake (Lair:6)
  4 demonic crawlers
  5 komodo dragons
  21 yaktaurs
  2 freezing wraiths
  An ice devil (Depths:4)
  A troll (shapeshifter) (Vaults:3)
  10 merfolk
  A polar bear (Lair:5)
  A tyrant leech (Lair:6)
  A merfolk (shapeshifter) (Depths:5)
  7 trolls
  15 slime creatures
  26 jumping spiders
  6 hornets
  A wind drake (Shoals:2)
  Prince Ribbit (Lair:3)
  2 meliai (D:14)
  16 blink frogs
  6 dream sheep
  12 hippogriffs
  A meliai zombie (D:10)
  3 snapping turtles
  A hippogriff (shapeshifter) (Vaults:5)
  A water elemental (Shoals:3)
  56 redbacks
  An air elemental (Elf:1)
  4 wyverns
  2 vampires
  11 tarantellas
  A redback (shapeshifter) (Depths:2)
  24 yaks
  2 spriggans (shapeshifter)
  An ettin skeleton (Vaults:3)
  The ghost of KittyFluff the Fighter, an amateur GnWn (D:3)
  8 shadows (Depths:1)
  A hog (shapeshifter) (Elf:1)
  12 fire bats
  5 fire elementals
  13 wraiths
  4 basilisks
  10 hogs
  2 humans
  Grum (D:10)
  14 vampire mosquitoes
  2 wargs (Vaults:3)
  2 acid dragons
  A soldier ant (D:14)
  13 water moccasins
  3 porcupines
  27 orc warriors
  An elf zombie (Vaults:3)
  A black bear (D:11)
  3 sky beasts
  9 boggarts (Vaults:2)
  A dream sheep zombie (Lair:5)
  4 ice beasts
  34 ogres
  4 human skeletons (Vaults:2)
  2 wolves (D:10)
  A phantom (D:8)
  11 crocodiles
  24 centaurs
  An elf skeleton (Vaults:2)
  Blork the orc (D:7)
  2 big kobolds (D:9)
  A gnoll sergeant (D:7)
  25 bullfrogs
  A wyvern zombie (D:9)
  3 scorpions
  2 wyvern skeletons
  12 killer bees (D:8)
  14 wights
  9 howler monkeys
  An electric eel (Lair:2)
  3 centaur zombies
  A bullfrog zombie (D:5)
  8 crimson imps
  A gnoll shaman (D:5)
  2 jellies
  A wyvern simulacrum (D:14)
  11 hounds
  3 centaur skeletons
  13 orc priests
  22 orc wizards
  5 bullfrog skeletons
  4 iguanas
  12 worker ants
  A big kobold zombie (Ossuary)
  2 hound zombies
  A hound skeleton (D:4)
  8 mummies (Ossuary)
  5 worker ant zombies
  13 gnolls
  18 adders
  2 shadow imps
  2 oozes
  3 worms
  A dart slug (D:2)
  7 leopard geckos
  75 orcs
  58 bats
  6 giant cockroaches
  2 gnoll zombies (Ossuary)
  6 goblins
  7 hobgoblins
  4 jackals (D:2)
  2 quokkas (D:2)
  A ball python (D:1)
  6 frilled lizards
  2 hobgoblin zombies (Ossuary)
  13 kobolds
  A kobold zombie (Ossuary)
  A leopard gecko skeleton (D:4)
  2 orc zombies (Ossuary)
  A quokka zombie (D:6)
  8 rats
  A crawling corpse (Vaults:5)
  4 fungi
  12 plants
1542 creatures vanquished.

Vanquished Creatures (collateral kills)
  Mara (Vaults:5)
  Boris (Depths:4)
  6 golden dragons
  The ghost of Dacon the Minotaur Blade, an adept MiGl of Gozag (Vaults:2)
  Jory (Depths:1)
  An electric golem (Zot:4)
  9 tentacled monstrosities
  3 Orb Guardians (Zot:5)
  A deep elf blademaster (Depths:3)
  2 liches
  The ghost of Heh the Fencer, an adept DsGl of Okawaru (Shoals:2)
  3 quicksilver dragons
  3 sphinxes (Vaults:5)
  A death cob (Zot:1)
  Polyphemus (Shoals:3)
  A draconian monk (Zot:1)
  5 shadow dragons
  2 azure jellies (shapeshifter) (Depths:3)
  5 tengu reavers
  3 storm dragons
  8 vault wardens
  6 fire giants
  An iron dragon (shapeshifter) (Depths:3)
  5 draconian knights
  A balrug (Depths:5)
  Louise (Shoals:3)
  11 frost giants
  A cacodemon (Depths:4)
  A draconian scorcher (Zot:4)
  2 deep elf sorcerers
  A draconian stormcaller (Zot:1)
  2 ghost moths (Depths:3)
  2 emperor scorpions
  10 ironheart preservers
  3 draconian shifters
  3 draconian annihilators
  4 war gargoyles
  2 entropy weavers
  3 vampire knights
  4 deep elf demonologists
  11 very ugly things
  An entropy weaver (shapeshifter) (Depths:3)
  2 stone giants
  5 green draconians
  3 black draconians
  4 red draconians
  A spark wasp (shapeshifter) (Depths:3)
  4 spark wasps
  6 purple draconians
  A merfolk javelineer (Shoals:4)
  2 yellow draconians
  8 ettins
  5 white draconians
  3 deep elf death magi
  A jiangshi (Depths:1)
  8 merfolk impalers
  A deep elf high priest (Vaults:5)
  A crystal guardian (Depths:3)
  3 fire dragons
  7 yaktaur captains
  A great orb of eyes (Depths:2)
  7 ice dragons
  16 vault guards
  5 rakshasas
  4 hydras
  5 spriggan air magi
  A juggernaut simulacrum (Depths:3)
  An anaconda (shapeshifter) (Depths:3)
  3 merfolk aquamancers (Shoals:4)
  A catoblepas (Shoals:3)
  2 merfolk avatars
  12 dancing weapons
  7 centaur warriors
  3 satyrs (Shoals:4)
  3 death knights
  An alligator snapping turtle (Shoals:4)
  27 two-headed ogres
  2 deep troll shamans
  7 ogre magi
  2 tengu warriors
  5 deep troll earth magi
  A hell hog (D:15)
  2 spriggan berserkers
  2 death yaks (Shoals:3)
  3 spriggans
  A sun demon (Depths:5)
  7 deep elf knights
  An iron troll (shapeshifter) (Elf:2)
  A skeletal warrior (Vaults:2)
  2 shadow wraiths
  2 fire crabs (Shoals:4)
  7 sea snakes
  12 deep trolls
  A glowing orange brain (Vaults:1)
  A shadow dragon zombie (Vaults:3)
  A glowing orange brain (shapeshifter) (D:15)
  3 wizards
  7 deep elf archers
  3 flayed ghosts (Depths:1)
  6 orc knights
  9 ironbrand convokers
  An obsidian statue (Vaults:2)
  A swamp dragon (shapeshifter) (Depths:5)
  3 necromancers
  A tengu skeleton (Vaults:2)
  2 phantasmal warriors
  14 harpies
  8 wolf spiders
  12 orb spiders
  2 orc sorcerers
  11 ugly things
  An orb spider (shapeshifter) (Vaults:5)
  4 oklob plants (Lair:3)
  35 deep elf magi
  A cyclops (Shoals:2)
  18 fauns
  A human skeleton (Vaults:2)
  6 manticores
  A sphinx skeleton (Vaults:2)
  10 moths of wrath
  A guardian serpent (shapeshifter) (Vaults:3)
  10 vault sentinels
  5 water nymphs
  5 elephants (Lair:6)
  A black mamba (shapeshifter) (Vaults:2)
  6 merfolk sirens
  A frost giant skeleton (Vaults:3)
  5 spiny frogs (Lair:6)
  A torpor snail (Spider:4)
  A centaur skeleton (D:13)
  2 yaktaur zombies
  An ice devil (Depths:4)
  A komodo dragon (shapeshifter) (Depths:3)
  25 yaktaurs
  6 demonic crawlers
  5 freezing wraiths
  A jumping spider (shapeshifter) (Depths:3)
  A polar bear (Lair:6)
  A meliai (D:15)
  A tengu conjurer (Depths:4)
  29 merfolk
  A wind drake (shapeshifter) (Vaults:3)
  4 blink frogs (Lair:6)
  2 tyrant leeches (Lair:6)
  16 jumping spiders
  5 wind drakes
  A tengu simulacrum (Vaults:3)
  12 hornets
  A sphinx simulacrum (Depths:4)
  6 dream sheep
  2 hippogriffs
  9 slime creatures
  5 snapping turtles
  An air elemental (Elf:2)
  A yak (Lair:3)
  3 shadows (Depths:1)
  A wyvern (D:15)
  38 redbacks
  5 wraiths
  17 tarantellas
  2 hogs
  A fire bat (shapeshifter) (Vaults:4)
  4 fire elementals
  3 water elementals
  4 fire bats
  A hungry ghost (D:13)
  An elf simulacrum (Depths:4)
  5 vampire mosquitoes
  A deep troll zombie (Vaults:3)
  A warg (Orc:1)
  An acid dragon (Vaults:1)
  A harpy simulacrum (Depths:3)
  2 hell hounds (D:15)
  A porcupine (Lair:5)
  2 water moccasins
  A porcupine (shapeshifter) (Vaults:1)
  5 orc warriors
  A hornet zombie (D:15)
  16 ogres
  8 centaurs
  A crocodile (Lair:5)
  8 bullfrogs
  A bullfrog (shapeshifter) (Vaults:5)
  2 earth elementals
  3 electric eels
  A yaktaur simulacrum (Vaults:1)
  2 orc priests (Orc:1)
  3 orc wizards (Orc:1)
  A worker ant (shapeshifter) (Vaults:5)
  13 orcs
  13 bats (D:13)
  A crawling corpse (Vaults:5)
  4 fungi
  108 plants
979 creatures vanquished.

Vanquished Creatures (others)
  2 profane servitors
  3 bone dragons
  A fire giant (Vaults:5)
  5 ghouls
  10 vampire knights
  A spectral titan (Zot:1)
  A spectral iron giant (Depths:4)
  A quicksilver dragon zombie (Zot:3)
  A spectral draconian (Zot:3)
  A deep elf high priest (Vaults:5)
  A spectral elf (Vaults:1)
  A spectral human (Spider:4)
  A merfolk avatar (Shoals:4)
  A spectral guardian serpent (Shoals:3)
  A deep troll earth mage (Depths:3)
  7 skeletal warriors
  An entropy weaver zombie (Spider:3)
  A spark wasp zombie (Depths:3)
  A golden dragon zombie (Vaults:5)
  3 flayed ghosts
  2 shadow dragon zombies
  10 phantasmal warriors
  2 wolf spider zombies (Spider:1)
  4 ugly thing zombies
  10 draconian zombies
  2 elf zombies (Vaults:5)
  3 green draconian zombies (Zot:5)
  2 black draconian zombies (Zot:5)
  3 white draconian zombies
  2 purple draconian zombies (Zot:5)
  2 sea snake zombies
  6 redback zombies
  2 hydra zombies (Lair:6)
  3 merfolk zombies (Shoals:4)
  4 moth of wrath zombies
  3 harpy skeletons (Shoals:4)
  A deep troll zombie (Depths:3)
  3 tarantella zombies
  2 ettin zombies
  2 jumping spider zombies
  12 flying skulls
  17 vampires
  A wraith (D:15)
  3 faun zombies
  A water nymph zombie (Shoals:4)
  7 two-headed ogre zombies
  3 tengu zombies
  7 human zombies
  2 merfolk skeletons (Shoals:4)
  3 dream sheep zombies
  A hornet zombie (D:14)
  A manticore zombie (Shoals:4)
  2 vampire mosquito zombies
  5 yaktaur zombies
  3 wights
  3 bullfrog zombies
  2 crocodile zombies (Lair:6)
  A sky beast zombie (D:13)
  8 ogre zombies
  A mummy (D:12)
  An adder zombie (D:12)
  3 bat zombies (D:13)
  3 orc zombies (Vaults:5)
  23 fungi
  63 plants
288 creatures vanquished.

Grand Total: 2809 creatures vanquished

Notes
Turn   | Place    | Note
-------+----------+-------------------------------------------
     0 | D:1      | rednit the Minotaur Fighter began the quest for the Orb.
     0 | D:1      | Reached XP level 1. HP: 19/19 MP: 0/0
   316 | D:1      | Reached XP level 2. HP: 28/28 MP: 1/1
   696 | D:2      | Noticed a bullfrog
   706 | D:2      | Killed a bullfrog
   706 | D:2      | Reached XP level 3. HP: 37/37 MP: 2/2
   706 | D:2      | Reached XP level 4. HP: 44/44 MP: 3/3
   924 | D:2      | Found a hazy altar of Hepliaklqana.
   928 | D:2      | Noticed an orc warrior
   931 | D:2      | Found a transporter.
  1029 | D:2      | Found a transporter.
  1397 | D:3      | Reached XP level 5. HP: 49/51 MP: 4/4
  1443 | D:3      | Found a shadowy altar of Dithmenos.
  1837 | D:3      | Found a runed translucent door.
  2080 | D:3      | Reached XP level 6. HP: 56/61 MP: 5/5
  2168 | D:3      | Noticed KittyFluff's ghost (amateur GnWn)
  2620 | D:4      | Found Haschut's Assorted Antiques.
  2742 | D:4      | Reached XP level 7. HP: 68/68 MP: 6/6
  2744 | D:4      | Reached skill level 5 in Axes
  2810 | D:4      | Reached skill level 5 in Armour
  3603 | D:5      | Entered Level 5 of the Dungeon
  3768 | D:5      | Found a staircase to the Ecumenical Temple.
  3778 | Temple   | Entered the Ecumenical Temple
  4124 | D:5      | Found a radiant altar of Vehumet.
  4224 | D:5      | Reached XP level 8. HP: 69/74 MP: 7/7
  4839 | D:5      | Found an ornate altar of the Wu Jian Council.
  5119 | D:6      | Found a sand-covered staircase.
  5128 | Ossuary  | Entered an ossuary
  5618 | D:6      | Found a stormy altar of Qazlal.
  5672 | D:6      | Reached skill level 10 in Axes
  5860 | D:6      | Found a sparkling altar of Nemelex Xobeh.
  6315 | D:7      | Reached XP level 9. HP: 64/81 MP: 8/8
  6900 | D:7      | Noticed Joseph
  6910 | D:7      | Killed Joseph
  7148 | D:7      | Found Ceebisoca's Armour Shoppe.
  7174 | D:7      | Noticed Blork the orc
  7197 | D:7      | Killed Blork the orc
  7200 | D:7      | Found a shimmering blue altar of Sif Muna.
  7917 | D:4      | Found a bloodstained altar of Trog.
  8341 | D:8      | Reached XP level 10. HP: 88/88 MP: 9/9
  8407 | D:8      | Noticed Psyche
  8414 | D:8      | Paralysed by Psyche for 5 turns
  8427 | D:8      | Killed Psyche
  8591 | D:8      | Found a staircase to the Lair.
  8646 | D:8      | Found a shimmering altar of Xom.
  8646 | D:8      | Found a shimmering altar of Xom.
  8647 | D:8      | Found a shimmering altar of Xom.
  8647 | D:8      | Found a shimmering altar of Xom.
  8655 | D:8      | Found a shimmering altar of Xom.
  8671 | D:8      | Found a glowing silver altar of Zin.
  8685 | D:8      | Noticed a two-headed ogre
  8692 | D:8      | Killed a two-headed ogre
  8692 | D:8      | Reached skill level 15 in Axes
  8716 | D:8      | Noticed a two-headed ogre
  8724 | D:8      | Killed a two-headed ogre
  9166 | D:8      | Found a sacrificial altar of Ru.
  9704 | D:9      | Reached skill level 10 in Fighting
  9841 | D:9      | Found a staircase to the Orcish Mines.
  9854 | D:9      | Found Yriokk's Antique Armour Shop.
  9863 | D:9      | Bought an ichor-stained plate armour for 672 gold pieces
 10411 | D:9      | Found a basalt altar of Yredelemnul.
 10442 | D:9      | Became a worshipper of Yredelemnul the Dark
 10500 | D:9      | Found a faded altar of an unknown god.
 10500 | D:9      | Found a faded altar of an unknown god.
 10505 | D:9      | Found a shimmering blue altar of Sif Muna.
 10507 | D:9      | Found a burning altar of Makhleb.
 10508 | D:9      | Found a white marble altar of Elyvilon.
 10651 | D:9      | Reached XP level 11. HP: 82/101 MP: 10/10
 10743 | D:10     | Entered Level 10 of the Dungeon
 10992 | D:10     | Killed an unseen horror
 11164 | D:10     | Found a flagged portal.
 11173 | Bailey   | Entered a bailey
 11423 | Bailey   | Noticed an orc knight
 11430 | Bailey   | Reached * piety under Yredelemnul
 11433 | Bailey   | Killed an orc knight
 11609 | D:10     | Noticed Erica
 11623 | D:10     | Killed Erica
 11623 | D:10     | Reached skill level 1 in Evocations
 11644 | D:10     | Noticed Grum
 11657 | D:10     | Killed Grum
 11869 | D:10     | Noticed Fannar
 12183 | D:10     | Killed Fannar
 12263 | D:10     | Identified the +12 plate armour of Lomaonaxt {rElec Int+2
                  | SInv} (You bought it in a shop on level 9 of the Dungeon)
 12502 | D:10     | Found a stormy altar of Qazlal.
 12525 | D:10     | Reached skill level 1 in Stealth
 12685 | D:10     | Noticed Erolcha
 12692 | D:10     | Killed Erolcha
 13203 | Lair:1   | Entered Level 1 of the Lair of Beasts
 13746 | Lair:1   | Reached XP level 12. HP: 112/115 MP: 13/13
 13890 | Lair:1   | Reached skill level 10 in Armour
 14373 | Lair:2   | Reached ** piety under Yredelemnul
 14439 | Lair:2   | Reached skill level 1 in Dodging
 15435 | Lair:3   | Noticed Prince Ribbit
 15436 | Lair:3   | Noticed a catoblepas
 15480 | Lair:3   | Killed a catoblepas
 15490 | Lair:3   | Killed Prince Ribbit
 15612 | Lair:3   | Noticed a seven-headed hydra
 15612 | Lair:3   | Noticed a six-headed hydra
 15677 | Lair:3   | Killed a six-headed hydra
 15795 | Lair:3   | Killed a seven-headed hydra
 15907 | Lair:3   | Noticed Nergalle
 15916 | Lair:3   | Killed Nergalle
 16127 | Lair:3   | Noticed a five-headed hydra
 16136 | Lair:3   | Killed a five-headed hydra
 16144 | Lair:3   | Reached skill level 15 in Fighting
 16574 | Lair:4   | Found a staircase to the Shoals.
 16582 | Lair:4   | Reached *** piety under Yredelemnul
 16875 | Lair:4   | Reached XP level 13. HP: 127/127 MP: 14/14
 17312 | Lair:4   | Found a hole to the Spider Nest.
 17439 | Lair:4   | Noticed Snorg
 17454 | Lair:4   | Killed Snorg
 18237 | Lair:5   | Found a staircase to the Slime Pits.
 18739 | Lair:6   | Entered Level 6 of the Lair of Beasts
 18745 | Lair:6   | Reached **** piety under Yredelemnul
 18984 | Lair:5   | Identified a scroll of acquirement
 19317 | Lair:6   | Received a gift from Yredelemnul (a mummy)
 19515 | Lair:6   | Received a gift from Yredelemnul (5 flying skulls)
 19708 | Lair:6   | Reached skill level 1 in Invocations
 19725 | Lair:6   | Received a gift from Yredelemnul (a wight)
 19733 | Lair:6   | Reached XP level 14. HP: 115/140 MP: 15/15
 19799 | Lair:6   | Reached ***** piety under Yredelemnul
 19801 | Lair:6   | Received a gift from Yredelemnul (5 flying skulls)
 20414 | Orc:1    | Entered Level 1 of the Orcish Mines
 20429 | Orc:1    | Noticed Sonja
 20435 | Orc:1    | Killed Sonja
 20436 | Orc:1    | Found a dark tunnel.
 20598 | Orc:1    | Received a gift from Yredelemnul (a vampire)
 21000 | Orc:2    | Entered Level 2 of the Orcish Mines
 21026 | Orc:2    | Received a gift from Yredelemnul (2 flying skulls)
 21179 | Orc:2    | Found a staircase to the Elven Halls.
 21224 | Orc:2    | Reached skill level 5 in Invocations
 21397 | Orc:2    | Received a gift from Yredelemnul (a wight)
 21467 | Orc:2    | Found Plog's Armour Emporium.
 21467 | Orc:2    | Found Saogo's Weapon Shop.
 21468 | Orc:2    | Found Ubeuxy Amopp's Food Boutique.
 21468 | Orc:2    | Found Ixaq's Assorted Antiques.
 21542 | Orc:2    | Bought the +11 war axe of Fiawas {venom, MR+} for 1005 gold
                  | pieces
 21674 | Orc:2    | Found a roughly hewn altar of Beogh.
 22944 | D:12     | Received a gift from Yredelemnul (a wight)
 23133 | D:12     | Reached skill level 10 in Invocations
 23801 | D:13     | Received a gift from Yredelemnul (a vampire)
 23811 | D:13     | Reached XP level 15. HP: 147/147 MP: 18/21
 24176 | D:13     | You fall into a shaft and drop 2 floors!
 24176 | D:15     | Entered Level 15 of the Dungeon
 24182 | D:15     | Reached ****** piety under Yredelemnul
 24573 | D:14     | Found a gate to the Vaults.
 24592 | D:14     | Received a gift from Yredelemnul (a phantasmal warrior)
 24909 | D:14     | Received a gift from Yredelemnul (a wraith)
 25162 | D:14     | Found a basalt altar of Yredelemnul.
 25255 | D:13     | Noticed Kirke
 25261 | D:13     | Killed Kirke
 25261 | D:13     | Enslaved Kirke
 25402 | D:13     | Found a runed translucent door.
 25417 | D:13     | Found an ornate altar of the Wu Jian Council.
 25434 | D:13     | Found a glowing silver altar of Zin.
 25468 | D:13     | Found a shimmering blue altar of Sif Muna.
 25488 | D:13     | Found a shattered altar of Ashenzari.
 25490 | D:13     | Received a gift from Yredelemnul (a flayed ghost)
 25583 | D:13     | Found a radiant altar of Vehumet.
 25600 | D:13     | Received a gift from Yredelemnul (a vampire)
 25608 | D:13     | Found a shadowy altar of Dithmenos.
 25695 | D:13     | Received a gift from Yredelemnul (a phantasmal warrior)
 26185 | D:15     | Received a gift from Yredelemnul (a vampire)
 26611 | D:15     | Noticed Azrael
 27016 | D:15     | Killed Azrael the hell hog
 27020 | D:15     | Found a staircase to the Depths.
 27580 | Spider:1 | Entered Level 1 of the Spider Nest
 27698 | Spider:1 | Reached XP level 16. HP: 155/162 MP: 24/24
 27730 | Spider:1 | Received a gift from Yredelemnul (a vampire knight)
 27906 | Spider:1 | Received a gift from Yredelemnul (a skeletal warrior)
 28160 | Spider:2 | Received a gift from Yredelemnul (a vampire knight)
 28924 | Spider:3 | Received a gift from Yredelemnul (a vampire knight)
 29050 | Spider:3 | Received a gift from Yredelemnul (a vampire)
 29232 | Spider:3 | Received a gift from Yredelemnul (a phantasmal warrior)
 29304 | Spider:3 | Received a gift from Yredelemnul (a vampire knight)
 29977 | Spider:4 | Entered Level 4 of the Spider Nest
 30022 | Spider:4 | Reached skill level 5 in Dodging
 30046 | Spider:4 | Your ally Kirke died
 30048 | Spider:4 | Paralysed by a hornet for 1 turns
 30087 | Spider:4 | Received a gift from Yredelemnul (a vampire)
 30783 | Spider:4 | Got a gossamer rune of Zot
 31105 | Spider:4 | Noticed Arachne
 31121 | Spider:4 | Killed Arachne
 31121 | Spider:4 | Enslaved Arachne
 31319 | Spider:4 | Received a gift from Yredelemnul (a ghoul)
 31600 | Shoals:1 | Entered Level 1 of the Shoals
 31997 | Shoals:1 | Reached XP level 17. HP: 170/170 MP: 26/26
 32427 | Shoals:2 | Noticed Heh's ghost (adept DsGl)
 32746 | Shoals:2 | Reached skill level 15 in Invocations
 32746 | Shoals:2 | Received a gift from Yredelemnul (a vampire)
 32747 | Shoals:2 | Found a runed translucent gate.
 32747 | Shoals:2 | Found a runed translucent gate.
 32747 | Shoals:2 | Found a runed translucent gate.
 33099 | Shoals:2 | Got a fine hand axe
 33100 | Shoals:2 | Identified the +10 hand axe "Dasto" {vorpal, rN+ MP+9 Str+2
                  | Stlth+} (You found it on level 2 of the Shoals)
 33373 | Shoals:3 | Noticed Louise
 33385 | Shoals:3 | Killed Louise
 33672 | Shoals:3 | Received a gift from Yredelemnul (a bone dragon)
 33948 | Shoals:3 | Noticed Aizul
 33957 | Shoals:3 | Killed Aizul
 33957 | Shoals:3 | Enslaved Aizul
 33962 | Shoals:3 | Noticed Polyphemus
 33967 | Shoals:3 | Your ally Aizul died
 33968 | Shoals:3 | Killed Polyphemus
 34518 | Shoals:4 | Entered Level 4 of the Shoals
 34651 | Shoals:4 | Received a gift from Yredelemnul (a vampire)
 34683 | Shoals:4 | Received a gift from Yredelemnul (a ghoul)
 34907 | Shoals:4 | Reached skill level 5 in Evocations
 34921 | Shoals:4 | Received a gift from Yredelemnul (a vampire knight)
 34980 | Shoals:4 | Received a gift from Yredelemnul (a vampire knight)
 35046 | Shoals:4 | Received a gift from Yredelemnul (a vampire)
 35086 | Shoals:4 | Identified the +1 plate armour of Analysis {rF- rC+++ rCorr
                  | Str-4}
 35209 | Shoals:4 | Got a barnacled rune of Zot
 36056 | Elf:1    | Entered Level 1 of the Elven Halls
 36421 | Elf:1    | Received a gift from Yredelemnul (a vampire knight)
 36585 | Elf:1    | Identified the Reference Book on Fetching Envenoming
 36618 | Elf:1    | Noticed an Ice Fiend
 36628 | Elf:1    | Reached XP level 18. HP: 126/182 MP: 26/29
 36847 | Elf:1    | Received a gift from Yredelemnul (a skeletal warrior)
 37022 | Elf:1    | Received a gift from Yredelemnul (a profane servitor)
 38214 | Elf:2    | Received a gift from Yredelemnul (a bone dragon)
 38215 | Elf:2    | Found a runed translucent door.
 38238 | Elf:2    | Found a runed translucent door.
 38801 | Elf:2    | Received a gift from Yredelemnul (a flayed ghost)
 39221 | Vaults:1 | Entered Level 1 of the Vaults
 39599 | Vaults:1 | Received a gift from Yredelemnul (a phantasmal warrior)
 39903 | Vaults:1 | Received a gift from Yredelemnul (a vampire)
 39939 | Vaults:1 | Found Vagacox's Jewellery Shoppe.
 40605 | Vaults:1 | Reached XP level 19. HP: 154/198 MP: 30/30
 41141 | Vaults:1 | Received a gift from Yredelemnul (a vampire knight)
 41970 | Vaults:2 | Noticed Donald
 41983 | Vaults:2 | Killed Donald
 42260 | Vaults:2 | Found a staircase to the Crypt.
 42465 | Vaults:2 | Received a gift from Yredelemnul (a skeletal warrior)
 42785 | Vaults:2 | Found a runed translucent gate.
 42785 | Vaults:2 | Found a runed translucent gate.
 42785 | Vaults:2 | Found a runed translucent gate.
 42785 | Vaults:2 | Found an opulent altar of Gozag.
 42787 | Vaults:2 | Noticed Dacon's ghost (adept MiGl)
 42967 | Vaults:2 | Received a gift from Yredelemnul (a ghoul)
 43680 | Vaults:3 | Found Sofeuq's Assorted Antiques.
 43702 | Vaults:3 | Received a gift from Yredelemnul (a vampire)
 43741 | Vaults:3 | Received a gift from Yredelemnul (a skeletal warrior)
 43978 | Vaults:3 | Bought a potion of curing for 81 gold pieces
 44193 | Vaults:3 | Reached XP level 20. HP: 208/214 MP: 31/31
 44504 | Vaults:3 | Found Quwuhe Sudo's Book Boutique.
 44974 | Vaults:3 | Reached skill level 27 in Fighting
 45261 | Vaults:4 | Found Wiffur's Assorted Antiques.
 45268 | Vaults:4 | Received a gift from Yredelemnul (a vampire)
 45805 | Vaults:4 | Found a magical portal.
 47076 | Depths:1 | Entered Level 1 of the Depths
 47180 | Depths:1 | Received a gift from Yredelemnul (a phantasmal warrior)
 47290 | Depths:1 | Got the +0 pair of gloves of Moxtiz {rPois Regen+}
 48054 | Depths:1 | Received a gift from Yredelemnul (a vampire)
 48296 | Depths:1 | Received a gift from Yredelemnul (a phantasmal warrior)
 48305 | Depths:1 | Noticed Jory
 48328 | Depths:1 | Killed Jory
 48529 | Depths:1 | Received a gift from Yredelemnul (a vampire)
 48631 | Depths:1 | Found a gateway to Hell.
 48911 | Depths:2 | Reached XP level 21. HP: 224/224 MP: 33/33
 49438 | Depths:2 | Received a gift from Yredelemnul (a vampire knight)
 49488 | Depths:2 | Received a gift from Yredelemnul (a phantasmal warrior)
 49926 | Depths:2 | Reached XP level 22. HP: 233/233 MP: 33/35
 50214 | Depths:3 | Received a gift from Yredelemnul (a phantasmal warrior)
 50303 | Depths:3 | Received a gift from Yredelemnul (a skeletal warrior)
 50404 | Depths:3 | Found a one-way gate leading to the halls of Pandemonium.
 50424 | Depths:3 | Killed a golden dragon
 50447 | Depths:3 | Reached skill level 15 in Armour
 51706 | Depths:4 | Received a gift from Yredelemnul (a vampire)
 51865 | Depths:4 | Received a gift from Yredelemnul (a skeletal warrior)
 52165 | Depths:4 | Found a one-way gate to the infinite horrors of the Abyss.
 52182 | Depths:4 | Received a gift from Yredelemnul (a phantasmal warrior)
 52201 | Depths:4 | Noticed Boris
 52212 | Depths:4 | Killed Boris
 52473 | Depths:4 | Found a gateway to a ziggurat.
 52905 | Depths:5 | Entered Level 5 of the Depths
 52956 | Depths:5 | Reached XP level 23. HP: 196/240 MP: 36/36
 53112 | Depths:5 | Received a gift from Yredelemnul (a vampire knight)
 53548 | Depths:5 | Found a portal to a secret trove of treasure.
 53624 | Depths:5 | Found a gate to the Realm of Zot.
 54269 | Vaults:5 | Entered Level 5 of the Vaults
 54442 | Vaults:5 | Identified the cursed +1 hand axe "Amnud" {vamp, Str+9}
 54738 | Vaults:5 | Received a gift from Yredelemnul (a flayed ghost)
 54971 | Vaults:5 | Noticed Mara
 54990 | Vaults:5 | Noticed rednit's illusion
 54994 | Vaults:5 | Killed Mara
 55069 | Vaults:5 | Received a gift from Yredelemnul (a ghoul)
 55187 | Vaults:5 | Identified the +6 halberd of Hepliaklqana's Grace {freeze,
                  | rC+}
 55198 | Vaults:5 | Reached XP level 24. HP: 179/249 MP: 37/37
 55203 | Vaults:5 | Received a gift from Yredelemnul (a phantasmal warrior)
 55739 | Vaults:5 | Received a gift from Yredelemnul (a vampire)
 55903 | Vaults:5 | Got a silver rune of Zot
 56543 | Vaults:1 | Bought an uncursed ring of protection from fire for 350
                  | gold pieces
 56786 | Orc:2    | Bought the +0 pair of boots of Zin's Delight {*Corrode
                  | rElec rN+ Int+3} for 374 gold pieces
 57130 | D:3      | Killed KittyFluff's ghost
 57530 | Shoals:2 | Killed Heh's ghost
 58027 | Vaults:2 | Killed Dacon's ghost
 58384 | Orc:2    | Bought a potion of experience for 1400 gold pieces
 58384 | Orc:2    | Bought a scroll of enchant weapon for 210 gold pieces
 58384 | Orc:2    | Bought a potion of cancellation for 224 gold pieces
 58384 | Orc:2    | Bought a potion of cancellation for 224 gold pieces
 58384 | Orc:2    | Reached XP level 25. HP: 257/257 MP: 37/37
 58675 | Zot:1    | Entered Level 1 of the Realm of Zot
 58749 | Zot:1    | Received a gift from Yredelemnul (a ghoul)
 58838 | Zot:1    | Found a transporter.
 58839 | Zot:1    | Noticed Heoriaro's ghost (legendary GnFi)
 58851 | Zot:1    | Found a transporter.
 59309 | Zot:1    | Received a gift from Yredelemnul (a vampire)
 59444 | Zot:1    | Received a gift from Yredelemnul (a skeletal warrior)
 61444 | Zot:3    | Found a runed translucent gate.
 61444 | Zot:3    | Found a runed translucent gate.
 61446 | Zot:3    | Found a runed translucent gate.
 61447 | Zot:3    | Found an opulent altar of Gozag.
 61448 | Zot:3    | Found Fiacuvob's Assorted Antiques.
 61450 | Zot:3    | Noticed Mikey69's ghost (legendary DsBe)
 61807 | Zot:3    | Received a gift from Yredelemnul (a profane servitor)
 62148 | Zot:3    | Reached XP level 26. HP: 166/266 MP: 35/37
 62343 | Zot:3    | Found Hoor's Assorted Antiques.
 62672 | Zot:4    | Received a gift from Yredelemnul (a vampire)
 63568 | Zot:5    | Entered Level 5 of the Realm of Zot
 63974 | Zot:5    | Received a gift from Yredelemnul (a bone dragon)
 64645 | Zot:5    | Noticed an ancient lich
 64663 | Zot:5    | Noticed an ancient lich
 64671 | Zot:5    | Killed an ancient lich
 64671 | Zot:5    | Reached skill level 27 in Axes
 64695 | Zot:5    | HP: 13/265 [acid (5)]
 64697 | Zot:5    | Killed from afar by a purple draconian

Illustrated notes

Levels and vault maps discovered:
D:1:      saegor_arrival_simple_b, layout_basic
D:2:      layout_basic, gammafunk_temple_overflow_arena, first_ration
D:3:      layout_basic, grunt_dithmenos_smoke_and_mirrors,
          ebering_ghost_sewer_d, kennysheep_generic_room_7
D:4:      layout_loops_ring, nicolae_overflow_hidden_temple, serial_shops,
          kennysheep_mini_moat
D:5:      layout_basic, marbit_many_paths, nicolae_overflow_crystal_walls,
          minmay_temple_entry_steel_oval, minivault_14
D:6:      layout_basic, kennysheep_mini, nemelex_altar_shiori,
          nicolae_ossuary_entry_ruins
D:7:      layout_basic, serial_shops, shop, grunt_livestock, tgw_sif,
          uniq_joseph
D:8:      layout_loops_ring, lemuel_coloured_pillars_altar, xom_redecorated,
          dpeg_oklobed_lair, lemuel_altar_in_water, uniq_psyche
D:9:      layout_loops_cross, chequers_temple_overflow_minitemple,
          lemuel_doored_altar, erik_orc_4, serial_shops,
          nicolae_shop_temple_entry_statues_fountains, hex_medium
D:10:     layout_stronghold, enter_bailey_6, grunt_qazlal_clouds, uniq_grum,
          uniq_erolcha, uniq_fannar, uniq_erica
D:11:     layout_grid_maze, chequers_serial_rivers_room_b
D:12:     layout_irregular_city
D:13:     due_megacathedral, layout_irregular_city, uniq_kirke
D:14:     layout_cave_pools, skrybe_vaults_entry_preservation,
          lemuel_statue_altar
D:15:     hangedman_depths_entry_civil_slaughter, layout_cave_pools, uniq_azrael
Temple:   jpeg_temple_island
Lair:1:   layout_regular_city, minivault_23
Lair:2:   layout_regular_city, st_stairs_8, grunt_megastairs_3,
          serial_bayou_shore_a, serial_bayou_shore_b
Lair:3:   layout_gridlike, infiniplex_staircase_pool_2,
          minmay_lair_oklob_chamber, lemuel_fruit_tree, grunt_megastairs_5,
          uniq_nergalle, uniq_prince_ribbit2
Lair:4:   layout_roguey, minmay_shoals_entry_centaurs, spider_nest_entry_webs,
          serial_bayou_shore_b, grunt_megastairs_1, uniq_snorg
Lair:5:   layout_concentric_octagons, dpeg_slime_entry_corner,
          grunt_megastairs_4
Lair:6:   minmay_lair_end_frog_pond, layout_regular_city
Shoals:1: layout_shoals
Shoals:2: layout_shoals, gammafunk_ghost_split
Shoals:3: layout_shoals, uniq_polyphemus, uniq_louise, uniq_aizul
Shoals:4: shoals_end_grunt_garden, layout_shoals, hangedman_shoal_volcano
Spider:1: layout_spider_delve
Spider:2: layout_spider_delve, nicolae_spider_webbed_stairs
Spider:3: layout_spider_delve, drop_trap, nicolae_spider_nook
Spider:4: guppyfry_spider_rune, uniq_arachne
Orc:1:    layout_caves, nicolae_volcano_entry_two_sided, uniq_sonja
Orc:2:    st_orc_ogre_mass, layout_caves, david_defended_altar_orc
Elf:1:    minmay_the_grid_4x2 [minmay_the_grid_minigrid_medium,
          minmay_the_grid_minigrid_large, minmay_the_grid_holed_spiral,
          minmay_the_grid_tree, minmay_the_grid_diamond_grid,
          minmay_the_grid_garden, minmay_the_grid_odd_star,
          minmay_the_grid_prize_inner_circle], layout_gridlike,
          hangedman_elf_represent, small_chamber_with_monster
Elf:2:    layout_loops_ring, drop_trap
Vaults:1: v_misc_19, hangedman_vaults_corner_blocks,
          nicolae_vaults_network_quinsquares
          [nicolae_vaults_network_quincunx_subvault,
          nicolae_vaults_network_quincunx_subvault,
          nicolae_vaults_network_quincunx_subvault,
          nicolae_vaults_network_quincunx_subvault], v_misc_14,
          nicolae_vaults_shelves_hall, vaults_room_door_ring,
          ontoclasm_vaults_decontamination, hangedman_vaults_stream, v_misc_4,
          grunt_vaults_hallway_short, v_pattern_1,
          nicolae_vaults_three_branches, v_misc_23, layout_vaults_big_room,
          serial_shops, shop_statue
Vaults:2: ebering_vaults_ghost_gozag, kb_rosetta, v_misc_18,
          ontoclasm_vaults_ring_small, vaults_room_hallway, v_misc_26,
          grunt_vaults_diagonal, ontoclasm_vaults_loading_screen, v_misc_10,
          hangedman_vaults_pinch, grunt_vaults_hallway_short,
          minmay_crypt_entry_skeletal_spiral, v_alt_pattern_5,
          vaults_mumra_chevron_long, v_alt_pattern_4, layout_vaults_omnibox,
          uniq_donald
Vaults:3: grunt_vaults_funnel, nicolae_vaults_what_the_h,
          vaults_room_stairs_pillars, v_misc_24, vaults_mumra_chevron,
          hangedman_vaults_locks, v_misc_11, nicolae_vaults_circle_grid_a,
          v_pattern_2, st_check, vaults_room_door_ring, vaults_dpeg_hooks,
          grunt_vaults_focal, layout_vaults_omnicross, serial_shops, shop, shop
Vaults:4: hangedman_vaults_stagger, vaults_room_fancy_cross,
          nicolae_vaults_specimen_jars, nicolae_vaults_angled_halls, v_rooms_5,
          nicolae_vaults_little_squares_1, layout_vaults_omnigrid, serial_shops,
          shop_fountains, lightli_enter_wizlab_magi_temple
Vaults:5: uniq_mara
Depths:1: due_jory_tower, layout_basic, hell_entry, interstate_on_off,
          grunt_decor_arrowhead, nrook_mini_vaults, serial_bayou_crossing
Depths:2: grunt_double_whammy, layout_basic, pf_vacation_house_of_asmodeus
Depths:3: hangedman_crystal_crosses_colossus [crystal_crosses_arms_four,
          crystal_crosses_arms_two, crystal_crosses_arms_one,
          crystal_crosses_arms_one], hell_entry, pan_entry
Depths:4: minmay_inside_and_out, layout_cave_pools, enter_ziggurat_e,
          hell_entry, abyss_entry, serial_sigils, serial_sigils_hangedman_shear,
          serial_sigils_hangedman_stare, serial_sigils_hangedman_snap,
          serial_sigils_hangedman_etch, serial_sigils_hangedman_scratch,
          serial_sigils_hangedman_gnaw, rand_demon_pan_entry_7, uniq_boris
Depths:5: grunt_zot_entry_tricorne, layout_cave_pools,
          nicolae_trove_entry_diagonal, minmay_misc_feat_x, lightli_too_deep
Zot:1:    layout_cathedral_of_symmetry, gammafunk_ghost_mausoleum
Zot:2:    layout_onion
Zot:3:    layout_misc_corridors, ebering_ghost_gozag, skrybe_zot_glass_2
Zot:4:    layout_onion_interference, hangedman_zot_decor_scrapings
Zot:5:    layout_twisted_circle, st_stairs_5

Skill      XL: |  1  2  3  4  5  6  7  8  9 10 11 12 13 14 15 16 17 18 19 20 21 22 23 24 25 26 |
---------------+-------------------------------------------------------------------------------+-----
Fighting       | 4 6 8 10 13 15 17 19 20 21 24 26 27 | 27.0
Axes           | 4 7 11 14 16 17 18 20 24 27 | 27.0
Armour         | 4 6 9 10 12 14 18 | 18.1
Evocations     | 3 6 |  6.0
Stealth        | 1 |  1.0
Dodging        | 4 6 |  6.0
Invocations    | 2 10 12 14 16 18 20 23 | 23.7
Shields        | |  3.6

Action                   |  1- 3 |  4- 6 |  7- 9 | 10-12 | 13-15 | 16-18 | 19-21 | 22-24 | 25-27 || total
-------------------------+-------+-------+-------+-------+-------+-------+-------+-------+-------++-------
Melee: War axe           |    36 |   171 |   371 |   407 |   520 |   907 |   914 |   640 |   541 ||  4507
       Headbutt          |     8 |    24 |    73 |   148 |   183 |   194 |   265 |   213 |   150 ||  1258
       Battleaxe         |       |       |       |   224 |   147 |       |       |       |       ||   371
       Demon whip        |       |       |       |    28 |    20 |       |       |       |       ||    48
       Broad axe         |       |       |       |       |   221 |       |       |       |       ||   221
Throw: Throwing net      |       |       |     2 |     1 |       |       |       |       |       ||     3
       Dart              |       |       |    14 |    37 |     1 |     2 |     8 |     3 |    10 ||    75
       Javelin           |       |       |       |     7 |    10 |       |       |       |       ||    17
Invok: Animate Remains   |       |       |       |     3 |       |       |       |       |       ||     3
       Recall Undead Sla |       |       |       |     2 |     9 |     9 |     5 |     7 |     7 ||    39
       Animate Dead      |       |       |       |       |    35 |    78 |    45 |    26 |    40 ||   224
       Enslave Soul      |       |       |       |       |     2 |     3 |       |     2 |     1 ||     8
       Stop Recall       |       |       |       |       |     1 |       |       |     1 |       ||     2
       Drain Life        |       |       |       |       |       |       |       |     1 |     5 ||     6
Evoke: Wand              |       |       |    15 |    15 |     2 |     1 |     8 |     5 |     3 ||    49
       Tin of tremorston |       |       |       |       |     3 |     3 |       |       |       ||     6
       Phantom mirror    |       |       |       |       |       |       |       |       |     1 ||     1
  Use: Potion            |     1 |       |     2 |     4 |     7 |     1 |     3 |     7 |    11 ||    36
       Scroll            |       |     3 |    15 |     3 |    14 |    16 |     6 |     5 |     1 ||    63
 Stab: Held in net/web   |       |       |       |     1 |       |       |       |       |       ||     1
       Petrified         |       |       |       |     4 |       |       |       |       |       ||     4
       Distracted        |       |       |       |       |     5 |    11 |    14 |    20 |    18 ||    68
       Paralysed         |       |       |       |       |     1 |    12 |    13 |     7 |       ||    33
       Confused          |       |       |       |       |       |       |     2 |       |       ||     2
       Invisible         |       |       |       |       |       |       |       |       |    16 ||    16
  Eat: Chunk             |       |     6 |    15 |    21 |    28 |    18 |    19 |    16 |     1 ||   124
       Ration            |       |       |     1 |     2 |     6 |    15 |     7 |     6 |    12 ||    49
Armor: Scale mail        |    24 |    55 |     8 |       |       |       |       |       |       ||    87
       Chain mail        |       |       |    76 |       |       |       |       |       |       ||    76
       Plate armour      |       |       |    56 |   310 |   482 |   621 |   450 |   386 |   411 ||  2716
Dodge: Dodged            |    15 |    89 |   126 |   276 |   514 |   537 |   311 |   230 |   231 ||  2329
Block: Kite shield       |    33 |    80 |   189 |   166 |       |       |       |       |       ||   468
       Other             |       |       |       |       |   123 |   188 |   119 |   101 |    76 ||   607
       Reflection        |       |       |       |       |     9 |    15 |    11 |     8 |       ||    43
